[Event "Team 45 45 League T26"]
[Site "Free Internet Chess Server"]
[Date "2005.04.16"]
[Round "5"]
[White "jerryrab"]
[Black "hotjazz"]
[Result "0-1"]
[WhiteElo "1307"]
[BlackElo "1407"]
[TimeControl "2700+45"]

1. d4 d5 2. e3 Nf6 3. h3 Bf5 4. Bd3 e6 5. Bxf5 exf5 6. Nf3 Be7 7. Nh4 Qd7 8. Qd3 Ne4 9. Nf3 Nc6 10. O-O h6 11. Nc3 Nb4 12. Qb5 c6 13. Qe2 O-O-O 14. Ne5 Qe6 15. a3 Na6 16. Nxe4 fxe4 17. f3 f6 18. Ng4 f5 19. Nh2 c5 20. fxe4 dxe4 21. c3 Bh4 22. dxc5 Nxc5 23. b3 Bg3 24. b4 Nd3 25. Rd1 Qe5 26. Nf1 Bf2+ 27. Kh1 Bh4 28. g3 Be7 29. Kg2 h5 30. h4 g5 31. Nd2 gxh4 32. gxh4 Rdg8+ 33. Kh3 Qg3#   {White checkmated} 0-1

[Event "Team 45 45 League T26"]
[Site "Free Internet Chess Server"]
[Date "2005.04.16"]
[Round "5"]
[White "chesstalker"]
[Black "EyeAm"]
[Result "1-0"]
[WhiteElo "1360"]
[BlackElo "1290"]
[TimeControl "2700+45"]

1. e4 e5 2. Nf3 Nf6 3. Nxe5 d6 4. Nf3 Nxe4 5. Qe2 Qe7 6. d3 Nf6 7. Nc3 Nc6 8. Nb5 Be6 9. Ng5 O-O-O 10. Nxe6 fxe6 11. Be3 a6 12. Na7+ Nxa7 13. Bxa7 Nd7 14. Be3 g6 15. Bg5 Qxg5 16. Qxe6 Qe7 17. Qe2 Qxe2+ 18. Bxe2 Re8 19. Rd1 Bg7 20. c3 h5 21. Rd2 Bh6 22. Rc2 Re7 23. O-O Rhe8 24. Bf3 Re1 25. b4 Rxf1+ 26. Kxf1 Ne5 27. Be4 Re6 28. Re2 c6 29. a4 d5 30. d4 Nc4 31. Bf5 Ne3+ 32. Rxe3 Bxe3 33. Bxe6+ Kd8 34. fxe3 Ke7 35. Bc8   {Black resigns} 1-0

[Event "Team 45 45 League T26"]
[Site "Free Internet Chess Server"]
[Date "2005.04.16"]
[Round "5"]
[White "blkmagic"]
[Black "manyhorses"]
[Result "0-1"]
[WhiteElo "1112"]
[BlackElo "1305"]
[TimeControl "2700+45"]

1. e4 e5 2. Nf3 Nc6 3. Bb5 Nf6 4. d3 Bc5 5. O-O Ng4 6. Qe2 Nd4 7. Nxd4 Nf6 8. Bg5 Bxd4 9. c3 Bc5 10. Nd2 Qe7 11. b4 Bb6 12. Nc4 O-O 13. a3 d6 14. Nxb6 axb6 15. c4 c6 16. Rac1 cxb5 17. cxb5 Rxa3 18. Qe3 Qd8 19. Rc4 Bd7 20. Qc1 Rxd3 21. Rd1 Rxd1+ 22. Qxd1 Bxb5 23. Rc3 Qe7 24. Rh3 Qe6 25. Qf3 Qc4 26. Qd1 Nxe4 27. Be7 Re8 28. Bh4 Rc8 29. f3 Qd4+   {White resigns} 0-1

[Event "Team 45 45 League T26"]
[Site "Free Internet Chess Server"]
[Date "2005.04.24"]
[Round "5"]
[White "sidiAhmed"]
[Black "TGV"]
[Result "1-0"]
[WhiteElo "1750"]
[BlackElo "1744"]
[TimeControl "2700+45"]

1. d4 Nf6 2. c4 c5 3. Nf3 cxd4 4. Nxd4 g6 5. Nc3 Bg7 6. e3 a6 7. Be2 Nc6 8. O-O O-O 9. Rb1 d6 10. h3 d5 11. cxd5 Nxd4 12. Qxd4 Bf5 13. Ra1 Ne4 14. Qb4 Nxc3 15. bxc3 Qxd5 16. Bf3 Qd7 17. Ba3 Rfe8 18. Qxb7 Qxb7 19. Bxb7 Ra7 20. e4 Bxh3 21. Rab1 Bd7 22. Rfd1 Ba4 23. Rdc1 e6 24. Bc5 Rxb7 25. Rxb7 Bc6 26. Ra7 Bxe4 27. Rxa6 Rc8 28. Bb4 Bd5 29. a3 Bc4 30. Ra7 Bh6 31. Rd1 Bd5 32. a4 Bg7 33. Rc1 Be5 34. Ba5 Bc6 35. Bb4 Bd5 36. a5 Bc4 37. Rd7 Rc6 38. g3 Bd5 39. f4 Bf6 40. Kh2 h5 41. Rd6 Rc8 42. a6 Be7 43. Rxd5 Bxb4 44. cxb4 Rxc1 45. Rd8+ Kg7 46. a7   {Black resigns} 1-0

[Event "Team 45 45 League T26"]
[Site "Free Internet Chess Server"]
[Date "2005.04.16"]
[Round "5"]
[White "MGoo"]
[Black "midoekram"]
[Result "1-0"]
[WhiteElo "1780"]
[BlackElo "1745"]
[TimeControl "2700+45"]

1. d4 d5 2. c4 Nf6 3. Nc3 e6 4. cxd5 Nxd5 5. Nf3 Bb4 6. Bd2 O-O 7. Nxd5 Bxd2+ 8. Qxd2 Qxd5 9. Rc1 Nc6 10. a3 Re8 11. b4 a5 12. Rc5 Qb3 13. b5 Qb1+ 14. Rc1 Qxb5 15. e4 Qh5 16. Be2 Qg6 17. O-O Qxe4 18. Bd3 Qd5 19. Rc5 Qd6 20. Rh5 h6 21. Re1 Qxa3 22. Qe3 Qd6 23. g4 f6 24. h4 Kf7 25. g5 e5 26. gxh6 Bg4 27. Bc4+ Ke7 28. dxe5 Nxe5 29. Nxe5 fxe5 30. Rxe5+ Kd7 31. Rxe8 Rc8 32. Rxc8 Kxc8 33. Qe8+ Qd8 34. Qxd8+ Kxd8 35. hxg7   {Black resigns} 1-0

[Event "Team 45 45 League T26"]
[Site "Free Internet Chess Server"]
[Date "2005.04.17"]
[Round "5"]
[White "xplan"]
[Black "Galleta"]
[Result "1/2-1/2"]
[WhiteElo "1539"]
[BlackElo "1596"]
[TimeControl "2700+45"]

1. e4 d6 2. d4 Nf6 3. Nc3 c6 4. Bc4 b5 5. Bd3 Bg4 6. Nf3 g6 7. h3 Bc8 8. O-O Bg7 9. Re1 O-O 10. Bf4 Nh5 11. Qd2 Nxf4 12. Qxf4 e6 13. Qe3 Qb6 14. e5 d5 15. a4 b4 16. a5 Qb7 17. Na4 Na6 18. Bxa6 Qxa6 19. Nc5 Qb5 20. Nd2 Qb8 21. c3 bxc3 22. bxc3 Qc7 23. Reb1 f6 24. a6 fxe5 25. Nf3 e4 26. Ng5 Re8 27. Rb7 Bxb7 28. axb7 Rab8 29. Ngxe6 Rxe6 30. Nxe6 Qxb7 31. Nc5 Qb2 32. Rxa7 Rf8 33. Rxg7+ Kxg7 34. Ne6+ Kg8 35. Nxf8 Kxf8 36. Qf4+ Kg8 37. Qg3 Qb5   {Game drawn by mutual agreement} 1/2-1/2

[Event "Team 45 45 League T26"]
[Site "Free Internet Chess Server"]
[Date "2005.04.17"]
[Round "5"]
[White "Pawns"]
[Black "geolas"]
[Result "1/2-1/2"]
[WhiteElo "1799"]
[BlackElo "1853"]
[TimeControl "2700+45"]

1. e4 c5 2. f4 d5 3. Nf3 dxe4 4. Ng5 Nf6 5. Bc4 e6 6. Nc3 a6 7. a4 Bd6 8. O-O Bxf4 9. Rxf4 Qd4+ 10. Kh1 Qxc4 11. d3 Qd4 12. Ncxe4 Nxe4 13. Nxe4 Qe5 14. Qg4 h5 15. Qf3 f5 16. Ng5 Qe1+ 17. Qf1 Qxf1+ 18. Rxf1   {Game drawn by mutual agreement} 1/2-1/2

[Event "Team 45 45 League T26"]
[Site "Free Internet Chess Server"]
[Date "2005.04.17"]
[Round "5"]
[White "sacKING"]
[Black "CelticDeath"]
[Result "1-0"]
[WhiteElo "1769"]
[BlackElo "1750"]
[TimeControl "2700+45"]

1. c4 e5 2. g3 Nf6 3. Bg2 Nc6 4. Nc3 Bc5 5. a3 a5 6. e3 O-O 7. Nge2 d6 8. O-O Be6 9. d4 exd4 10. exd4 Nxd4 11. Nxd4 Bxc4 12. Re1 d5 13. b3 Ba6 14. Be3 c6 15. Nxc6 bxc6 16. Bxc5 Re8 17. Rxe8+ Qxe8 18. Qd2 Qb8 19. Rb1 Qe5 20. Re1 Qf5 21. Bd6 Bd3 22. Qf4 Qxf4 23. Bxf4 Bc2 24. b4 axb4 25. axb4 Ra3 26. Be5 Rb3 27. Rc1 Bf5 28. b5 cxb5 29. Nxd5 Nxd5 30. Bxd5 Rb1 31. Rxb1 Bxb1 32. Bc3 Bd3 33. f4 Kf8 34. Kf2 f5 35. Ke3 Bc2 36. Kd4 g6 37. Ke5 Kg7 38. Ke6+ Kh6 39. Bf3 Be4 40. Be2 Bc6 41. Bb4 Kg7 42. Be7 h6 43. Bd1 Be4 44. Bb3 Bd3 45. Kd6 Bc4 46. Bxc4 bxc4 47. Ke6 c3 48. Bf6+ Kh7 49. Bxc3 h5 50. Kf7 Kh6 51. Bf6 h4 52. Bxh4 Kh5 53. Bg5 Kg4 54. Kxg6 Kh3 55. Kxf5 Kxh2 56. Kg6   {Black resigns} 1-0

[Event "Team 45 45 League T26"]
[Site "Free Internet Chess Server"]
[Date "2005.04.15"]
[Round "5"]
[White "DesparateDan"]
[Black "pioneerknight"]
[Result "0-1"]
[WhiteElo "1701"]
[BlackElo "1729"]
[TimeControl "2700+45"]

1. e4 d6 2. d4 g6 3. Nc3 Nf6 4. Be3 Bg7 5. Qd2 O-O 6. O-O-O Ng4 7. Bg5 h6 8. Bh4 Nc6 9. f3 Nf6 10. Bf2 e5 11. d5 Ne7 12. Be3 Kh7 13. g4 Nfg8 14. h4 a6 15. Nh3 f6 16. Be2 Bd7 17. g5 h5 18. gxf6 Rxf6 19. Ng5+ Kh8 20. Rdg1 Qf8 21. Rg3 Bh6 22. Rhg1 b5 23. b4 c6 24. a3 Rc8 25. Kb2 cxd5 26. exd5 Nf5 27. Nce4 Nxg3 28. Nxf6 Qxf6 29. Rxg3 Bf5 30. Bd3 e4+ 31. c3 exd3 32. Bd4 Qxd4 33. cxd4 Rc2+ 34. Qxc2 dxc2 35. Kc1 Nf6 36. f4 Nxd5 37. Nf7+ Kg7 38. Nxh6 Kxh6 39. Rf3 Kg7 40. Rf1 Kf6 41. Rf2 Nc3 42. Rf1 Ne2+ 43. Kd2 Nxd4 44. Kc3 c1=Q+ 45. Rxc1 Ne2+ 46. Kd2 Nxc1 47. Kxc1 Be4 48. Kd2 Kf5 49. Ke3 d5   {White resigns} 0-1

[Event "Team 45 45 League T26"]
[Site "Free Internet Chess Server"]
[Date "2005.04.16"]
[Round "5"]
[White "phorku"]
[Black "Holyphant"]
[Result "0-1"]
[WhiteElo "1546"]
[BlackElo "1657"]
[TimeControl "2700+45"]

1. e4 c5 2. Bc4 e6 3. d3 Nc6 4. Nc3 a6 5. Nf3 Be7 6. O-O b5 7. Bb3 d6 8. a3 Nf6 9. Re1 O-O 10. e5 dxe5 11. Nxe5 Bb7 12. Nxf7 Rxf7 13. Bxe6 Nd4 14. Bxf7+ Kxf7 15. Ne4 Kg8 16. Nxf6+ Bxf6 17. c3 Nf5 18. Qc2 Qd5 19. f3 Rd8 20. Rd1 Nh4 21. Qe2 Bc6 22. Bf4 Re8 23. Qf2 b4 24. axb4 cxb4 25. Rxa6 bxc3 26. bxc3 Ng6 27. Bg3 Bxc3 28. Qc2 Bb5 29. Rxg6 Bd4+ 30. Bf2 Bxf2+ 31. Kxf2 Qd4+ 32. Kg3 hxg6 33. Qb3+ Kh7 34. Qxb5 Re5 35. Qb8 Rg5+ 36. Kh3 Rh5+ 37. Kg3 Qh4#   {White checkmated} 0-1

[Event "Team 45 45 League T26"]
[Site "Free Internet Chess Server"]
[Date "2005.04.14"]
[Round "5"]
[White "gracey"]
[Black "Pilia"]
[Result "0-1"]
[WhiteElo "2022"]
[BlackElo "1952"]
[TimeControl "2700+45"]

1. e4 e5 2. f4 exf4 3. Nf3 d6 4. Bc4 Be6 5. Bxe6 fxe6 6. d4 Qf6 7. Qd2 Nc6 8. Qxf4 e5 9. dxe5 dxe5 10. Qg3 Bb4+ 11. c3 Bc5 12. b4 Bd6 13. O-O Nge7 14. Nh4 Qe6 15. Qxg7 O-O-O 16. Qf6 Qc4 17. Nf5 Nxf5 18. Qxf5+ Kb8 19. Bh6 Nxb4 20. Kh1 Nc2 21. Nd2 Qxc3 22. Rac1 Qb2 23. Nc4 Qxa2 24. Nxd6 Rxd6 25. Qf2 Qg8 26. Qxc2 Rxh6 27. Qxc7+ Ka8 28. Qxe5 Qb8 29. Rc5 Re8 30. Qxb8+ Kxb8 31. e5 b6 32. Rd5 Rhe6 33. Re1 R8e7 34. h4 Kb7 35. Rd4 a5 36. Rde4 b5 37. Kg1 a4 38. R4e3 Kb6 39. Kf2 b4 40. Kf3 Kb5 41. Kf4 Rf7+ 42. Ke4 Rc6 43. Rg3 b3 44. Rg5 Rc5 45. e6 Re7 46. Rxc5+ Kxc5 47. Ke5 b2 48. Kf6 Rb7 49. e7 Rxe7 50. Kxe7 a3 51. Rb1 a2 52. Rxb2 a1=Q 53. Rc2+ Kb5   {White resigns} 0-1

[Event "Team 45 45 League T26"]
[Site "Free Internet Chess Server"]
[Date "2005.04.15"]
[Round "5"]
[White "RomaLavrn"]
[Black "jmarchetti"]
[Result "1-0"]
[WhiteElo "1811"]
[BlackElo "1947"]
[TimeControl "2700+45"]

1. d4 d5 2. c4 e6 3. Nf3 Nf6 4. Nc3 Be7 5. cxd5 exd5 6. Bg5 O-O 7. e3 c6 8. Bd3 Be6 9. O-O Nbd7 10. Qc2 h6 11. Bh4 c5 12. dxc5 Nxc5 13. Bf5 Qd7 14. Nd4 Rac8 15. Nxe6 fxe6 16. Bh3 Nce4 17. Qa4 Rc6 18. Rac1 a6 19. Nxe4 Nxe4 20. Rxc6 bxc6 21. Bxe7 Qxe7 22. Qxc6 Rf6 23. Qxa6 Qb4 24. Bxe6+ Kh7 25. Qc8 Rf8 26. Qc2 Kh8 27. Bxd5 Nf6 28. Bf3 Qa5 29. a3 Qg5 30. b4 Nd7 31. Bc6 Ne5 32. b5 Ng4 33. Qe4 Qh5 34. h3 Nf6 35. Qe7 Nh7 36. b6 Qa5 37. b7 Qb6 38. Be4 Rb8 39. Rb1 Qa7 40. Bxh7 Kxh7 41. Qc7 Kg6 42. e4   {Black resigns} 1-0

[Event "Team 45 45 League T26"]
[Site "Free Internet Chess Server"]
[Date "2005.04.15"]
[Round "5"]
[White "twinders"]
[Black "Doubleletter"]
[Result "1/2-1/2"]
[WhiteElo "1626"]
[BlackElo "1736"]
[TimeControl "2700+45"]

1. d4 d5 2. c4 c6 3. Nc3 e6 4. Nf3 Nd7 5. e3 Ngf6 6. cxd5 exd5 7. Bd3 Bd6 8. O-O O-O 9. Qc2 c5 10. dxc5 Nxc5 11. Bf5 g6 12. Bxc8 Rxc8 13. Qd1 Nce4 14. Ne2 Qc7 15. h3 Qa5 16. b3 Ba3 17. Bxa3 Qxa3 18. Nd2 Rfd8 19. Nxe4 dxe4 20. Nd4 Nd5 21. Qg4 Nc3 22. Kh1 Kh8 23. Qg5 Rd5 24. Qf6+ Kg8 25. Rfc1 Rd6 26. Qg5 Rd5 27. Qf6 Rcc5 28. Ne6 fxe6 29. Rxc3 Qa6 30. Rxc5 Rxc5 31. Qe7 Qc6 32. Rd1 Rd5 33. Ra1 Rd7 34. Qf6 Rf7 35. Qd8+ Rf8 36. Qd4 a6 37. Kg1 Qc2 38. Rf1 Qxa2 39. Qxe4 Qxb3 40. Rb1 Qa2 41. f3 b5 42. Rc1 Qd5 43. Qh4 Qd2 44. Rc7 Qxe3+ 45. Kf1 Qd3+ 46. Kf2 Qd2+ 47. Kf1 Qd3+ 48. Kf2   {Game drawn by mutual agreement} 1/2-1/2

[Event "Team 45 45 League T26"]
[Site "Free Internet Chess Server"]
[Date "2005.04.16"]
[Round "5"]
[White "Shikamaru"]
[Black "KymF"]
[Result "1/2-1/2"]
[WhiteElo "1956"]
[BlackElo "2075"]
[TimeControl "2700+45"]

1. g4 d5 2. Bg2 e5 3. c4 dxc4 4. Qc2 Qd4 5. g5 Bc5 6. e3 Qg4 7. Bf3 Qxg5 8. Qxc4 Bb6 9. Nc3 Ne7 10. h4 Qf6 11. h5 Be6 12. Qa4+ Nbc6 13. b4 O-O-O 14. Ne4 Qh6 15. b5 Na5 16. Ba3 Nd5 17. Nc5 f5 18. Ne2 e4 19. Bg2 Qf6 20. Rc1 Bf7 21. Bh3 Kb8 22. Qd4 Rhe8 23. Rg1 g6 24. hxg6 hxg6 25. Bf1 Qh4 26. Qg7 Re7 27. Ng3 Rg8 28. Nxf5 Qh2 29. Qh6 Qxg1 30. Nxe7 Nxe7 31. Nd7+ Kc8 32. Nxb6+ axb6 33. Bxe7 Bc4 34. Rxc4 Nxc4 35. Qh7 Re8 36. Qf7 Rxe7 37. Qxe7 Nd6 38. a4 Qg4 39. a5 bxa5 40. b6 Qd7 41. Bh3 Nf5 42. Qf8+ Qd8 43. Bxf5+ gxf5 44. Qxf5+ Qd7 45. Qxa5 cxb6 46. Qxb6 Qd5 47. Qd4 Qf5 48. Qd6 Qf3 49. d4 exd3 50. Qxd3 Qh1+ 51. Kd2 Qf3 52. Qc4+ Kd8 53. Qf4 Qxf4 54. exf4 Ke7 55. Ke3 Kd6 56. Kd4 b6 57. f5 b5 58. f6 b4 59. f7 Ke7 60. f8=Q+ Kxf8 61. Kc4 Kf7   {Game drawn by mutual agreement} 1/2-1/2

[Event "Team 45 45 League T26"]
[Site "Free Internet Chess Server"]
[Date "2005.04.17"]
[Round "5"]
[White "wester"]
[Black "pawelh"]
[Result "0-1"]
[WhiteElo "1911"]
[BlackElo "1817"]
[TimeControl "2700+45"]

1. e4 e5 2. Nf3 Nc6 3. Bb5 a6 4. Ba4 Nf6 5. O-O Be7 6. Re1 b5 7. Bb3 d6 8. c3 Bg4 9. d3 O-O 10. Nbd2 Na5 11. Bc2 Nd7 12. Nf1 f5 13. h3 fxe4 14. dxe4 Bxf3 15. gxf3 Bh4 16. Ng3 Qf6 17. Nf5 Bg5 18. Kh2 g6 19. Bxg5 Qxg5 20. Rg1 Qf4+ 21. Rg3 Kh8 22. Ne7 Nf6 23. Kg2 Rf7 24. Nd5 Nxd5 25. Qxd5 Raf8 26. a4 Nc4 27. axb5 axb5 28. b3 Nd2 29. Bd1 h5 30. h4 Kh7 31. Ra2 Nb1 32. Qd3 g5 33. hxg5 Rg8 34. Qxb1 Rxg5 35. Qc2 h4 36. Rxg5 Qxg5+ 37. Kf1 h3 38. f4 Qg2+ 39. Ke1 h2 40. Qe2 h1=Q+   {White resigns} 0-1

[Event "Team 45 45 League T26"]
[Site "Free Internet Chess Server"]
[Date "2005.04.20"]
[Round "5"]
[White "maheg"]
[Black "noHz"]
[Result "1-0"]
[WhiteElo "1757"]
[BlackElo "1848"]
[TimeControl "2700+45"]

1. e4 d6 2. d4 e5 3. Nf3 Nd7 4. Bc4 Nb6 5. Bb3 Bg4 6. dxe5 dxe5 7. Bxf7+ Ke7 8. Qxd8+ Rxd8 9. Bxg8 Bxf3 10. gxf3 Rxg8 11. Bg5+ Ke8 12. Bxd8 Kxd8 13. Nc3 c6 14. O-O-O+ Kc7 15. Rhg1 Be7 16. f4 exf4 17. Ne2 g5 18. Nxf4 Bd6 19. Ne6+ Kc8 20. Rxd6   {Black resigns} 1-0

[Event "Team 45 45 League T26"]
[Site "Free Internet Chess Server"]
[Date "2005.04.14"]
[Round "5"]
[White "volcano"]
[Black "TheTactician"]
[Result "1-0"]
[WhiteElo "1847"]
[BlackElo "1723"]
[TimeControl "2700+45"]

1. e4 e5 2. Nf3 Nc6 3. Bc4 Bc5 4. b4 Bxb4 5. c3 Ba5 6. Qb3 Qf6 7. d4 exd4 8. O-O d6 9. e5 dxe5 10. Re1 h6 11. Nxe5 Nge7 12. Nxc6 bxc6 13. Ba3 O-O 14. Rxe7 Bb6 15. Nd2 Bf5 16. Ne4 Bxe4 17. Rxe4 Rfe8 18. Rxe8+ Rxe8 19. cxd4 Bxd4 20. Rf1 Re5 21. Qb8+ Kh7 22. Qxc7 Re1 23. Qg3 Bc5 24. Bd3+ g6 25. Bxc5   {Black resigns} 1-0